 Dungeon Crawl Stone Soup version 0.29-a0-817-g9904bce7a6 (webtiles) character file.

Game seed: 16742079752720846072

52 LynnLen the Sneak (level 3, -4/19 HPs)
             Began as a Vampire Enchanter on July 6, 2022.
             Killed from afar by an orc wizard (10 damage)
             ... with a puff of flame
             ... on level 3 of the Dungeon.
             The game lasted 00:06:01 (2584 turns).

LynnLen the Sneak (Vampire Enchanter)               Turns: 2584, Time: 00:06:02

Health: -4/19      AC:  2    Str:  7    XL:     3   Next: 60%
Magic:  6/6        EV: 12    Int: 17    God:
Gold:   123        SH:  0    Dex: 16    Spells: 6/6 levels left

rFire   . . .      SeeInvis +   f - +3 short sword (spect)
rCold   + + .      Faith    .   (no shield)
rNeg    + + +      Spirit   .   b - +0 robe
rPois   ∞          Reflect  .   (no helmet)
rElec   .          Harm     .   (no cloak)
rCorr   .          Rampage  .   (no gloves)
Will    .....                   (no boots)
Stlth   +++++.....              (no amulet)
HPRegen 0.00/turn               (no ring)
MPRegen 0.10/turn               (no ring)

@: bloodless, inhibited regen
A: bloodless, fangs 3, see invisible, vampiric 2
a: Bat Form, Revivify


You were on level 3 of the Dungeon.
You visited 1 branch of the dungeon, and saw 3 of its levels.

You collected 123 gold pieces.

Inventory:

Hand Weapons
 f - a +3 spectral short sword (weapon)
Armour
 b - a +0 robe (worn)
Jewellery
 e - a ring of fire
Scrolls
 h - a scroll of identify
Potions
 a - a potion of brilliance
 c - 2 potions of invisibility
 d - 3 potions of haste
 g - a potion of ambrosia {unknown}


   Skills:
 + Level 1.3 Short Blades
 + Level 2.2 Dodging
 * Level 5.9 Stealth
 * Level 2.2 Spellcasting
 + Level 5.1 Hexes


You had 6 spell levels left.
You didn't know any spells.
Your spell library contained the following spells:

 Spells                   Type           Power      Damage    Failure   Level
 Confusing Touch          Hex            19%        N/A       7%          3
 Tukima's Dance           Hex            19%        N/A       7%          3
 Ensorcelled Hibernation  Hex/Ice        20%        N/A       10%         2
 Dazzling Flash           Conj/Hex       20%        N/A       21%         3


Dungeon Overview and Level Annotations

Branches:
Dungeon (3/15)

Altars:
Kikubaaqudgha
Wu Jian
Xom


Innate Abilities, Weirdness & Mutations

You do not regenerate when monsters are visible.
You are frail without blood (-20% HP).
You can heal yourself when you bite living creatures.
You are immune to poison.
You have razor-sharp teeth.
You have supernaturally acute eyesight. (SInv)
You are afflicted with vampirism and can become a bat while bloodless.


Message History

You puncture the adder!
The adder is almost dead.
Your +3 spectral short sword hits the adder!
You kill the adder!
You open the door.
There is an open door here.
An orc comes into view. It is wielding a +0 flail.
An orc is nearby!
An orc and an orc wizard come into view.
The orc wizard gestures at you while chanting.
You resist with some effort.
The orc shouts!
Found a stone staircase leading down.
You completely miss the orc wizard.
The orc wizard points at you and mumbles some strange words.
The puff of flame hits you. The orc closely misses you.
You closely miss the orc wizard.
The orc wizard hits you with a +0 dagger.
The orc barely misses you.
You hit the orc wizard. You bite the orc wizard.
You draw the orc wizard's blood!
You feel better.
The orc wizard is moderately wounded.
The orc closely misses you.
You barely miss the orc. The orc hits you with a +0 flail!
You hit the orc.
The orc is heavily wounded.
The orc closely misses you.
You hit the orc wizard.
The orc wizard is severely wounded.
The orc closely misses you.
You hit the orc wizard.
The orc wizard is almost dead.
The orc wizard hits you with a +0 dagger.
The orc barely misses you.
You hit the orc wizard. Your bite misses the orc wizard.
The orc wizard is almost dead.
The orc wizard points at you and mumbles some strange words.
The puff of flame hits you!
Ouch! That really hurt!
You die...

#...# #...# ## ####.#
.# .....##### .#
.........# .#
.......#.# .# #
...###.#.####### .#.#
.....#.#.......##o..#
...#.#.#######..@oo.#
#.##.#'###########..#
.................. >#
#.#...........#### #
..#...........#
..#.<#'###....#
..............#
##..#..##.....#
#..###..##....#


You could see an orc wizard and 2 orcs.

Vanquished Creatures
  An adder (D:3)
  A dart slug (D:1)
  4 ball pythons
  4 bats (D:1)
  5 endoplasms
  7 goblins
  3 hobgoblins
  4 kobolds
  2 quokkas
  A frilled lizard (D:1)
  5 rats
37 creatures vanquished.

Notes
Turn   | Place    | Note
-------+----------+-------------------------------------------
     0 | D:1      | LynnLen the Vampire Enchanter began the quest for the Orb.
     0 | D:1      | Reached XP level 1. HP: 13/13 MP: 3/3
   415 | D:1      | Reached XP level 2. HP: 15/15 MP: 5/5
   437 | D:1      | Reached skill level 5 in Stealth
   620 | D:1      | Reached skill level 5 in Hexes
  1077 | D:1      | Found a faded altar of an unknown god.
  1538 | D:2      | Gained mutation: You are afflicted with vampirism and can
                  | become a bat while bloodless. [Vampire growth]
  1538 | D:2      | Reached XP level 3. HP: 19/19 MP: 6/6
  2451 | D:3      | Found an ancient bone altar of Kikubaaqudgha.
  2451 | D:3      | Found an ornate altar of the Wu Jian Council.
  2451 | D:3      | Found a shimmering altar of Xom.
  2584 | D:3      | Killed from afar by an orc wizard

Illustrated notes

Levels and vault maps discovered:
D:1:      eino_arrival_tree_alley, layout_basic,
          chequers_ecumenical_altar_grove, palyth_stone_intersect
D:2:      layout_basic, minmay_misc_feat_square, corner_web_ring
D:3:      layout_basic, gammafunk_temple_overflow_claw, minmay_hedge_maze

Skill      XL: |  1  2 |
---------------+-------+-----
Stealth        | 5 |  5.9
Hexes          | 5 |  5.1
Short Blades   | |  1.3
Dodging        | |  2.2
Spellcasting   | |  2.2

Action                   || total
-------------------------++-------
Melee: Dagger            ||    29
       Bite              ||     6
       Short sword       ||    40
       Punch             ||     1
 Abil: Exsanguinate      ||     1
  Use: Scroll            ||     5
       Potion            ||     1
 Stab: Sleeping          ||    16
       Distracted        ||     1
Armor: Robe              ||     4
Dodge: Dodged            ||    46

Table legend: (Time is in decaauts)
 A = Elapsed time spent in this place.
 B = Non-inter-level travel time spent in this place.
 C = Inter-level travel time spent in this place.
 D = Time resting spent in this place.
 E = Time spent auto-exploring this place.
 F = Levels seen in this place.
 G = Mean time per level.
                   A        B        C        D        E       F      G
               +--------+--------+--------+--------+--------+-----+--------+
         Total |   2582 |   2582 |      0 |    443 |   1478 |   3 |  860.7 |
       Dungeon |   2582 |   2582 |      0 |    443 |   1478 |   3 |  860.7 |
               +--------+--------+--------+--------+--------+-----+--------+

Top non-repeatable levels by time:
     D:1: 1485 daAuts
     D:2: 936 daAuts
     D:3: 161 daAuts
